 Dungeon Crawl Stone Soup version 0.30-a0-808-g6e0788376e (webtiles) character file.

Game seed: 18192822684090144548

53111 jasper the Martial Artist (level 14, -1/110 HPs)
             Began as a Demonspawn Wanderer on Feb 25, 2023.
             Was an Elder of Okawaru.
             Slain by an enormous slime creature (60 damage)
             ... on level 11 of the Dungeon on Feb 26, 2023.
             The game lasted 01:09:26 (16039 turns).

jasper the Martial Artist (Demonspawn Wanderer)    Turns: 16039, Time: 01:09:26

Health: -1/110     AC: 22    Str: 13      XL:     14   Next: 29%
Magic:  14/20      EV: 18    Int: 11 (13) God:    Okawaru [****..]
Gold:   2370       SH:  8    Dex: 21      Spells: 16/17 levels left

rFire   + . .      SeeInvis .      - Unarmed
rCold   . . .      Faith    .    v - +0 buckler
rNeg    + . .      Spirit   .    r - +5 scale mail "Zahuppui" {Rampage *Corrode Will++}
rPois   +          Reflect  .    u - +2 helmet
rElec   +          Harm     .    c - +2 ratskin cloak {*Rats rPois rN+ Str-1 Int-1 Dex+1}
rCorr   .          Rampage  +    (gloves unavailable)
Will    +++++                    a - +2 pair of boots "Assic" {Str+2 Slay+3}
Stlth   ++                       Y - amulet of regeneration
HPRegen 1.18/turn                l - ring "Qoicuaq" {rElec Will+}
MPRegen 0.17/turn                F - ring "Qiegatsay" {rF+ Will+ Int+2}

@: heroic, finesse-ful, corroded, studying Ranged Weapons
A: (demonic guardian 3), spiny 2, demonic touch 3
a: Renounce Religion, Heroism, Finesse


You were on level 11 of the Dungeon.
You worshipped Okawaru.
Okawaru was greatly pleased with you.
You visited 4 branches of the dungeon, and saw 19 of its levels.

You collected 2950 gold pieces.
You spent 580 gold pieces at shops.

Inventory:

Missiles
 b - 64 poisoned darts
 h - 2 silver javelins
 i - 18 javelins
 D - 3 throwing nets
 E - a curare-tipped dart
 I - 9 boomerangs (quivered)
 K - a boomerang of dispersal
 P - a silver boomerang
 T - 7 atropa-tipped darts
Armour
 a - the +2 pair of boots "Assic" (worn) {Str+2 Slay+3}
   (You acquired it on level 11 of the Dungeon)

   Str:       It affects your strength (+2).
   Slay:      It affects your accuracy & damage with ranged weapons and melee
   (+3).
 c - the +2 ratskin cloak (worn) {*Rats rPois rN+ Str-1 Int-1 Dex+1}
   (You found it on level 11 of the Dungeon)

   *Rats:     When the wearer is hurt, rats may emerge from it to assist them.
   Str:       It affects your strength (-1).
   Int:       It affects your intelligence (-1).
   Dex:       It affects your dexterity (+1).
   rPois:     It protects you from poison.
   rN:        It protects you from negative energy.
 j - a scarf of repulsion
 r - the +5 scale mail "Zahuppui" (worn) {Rampage *Corrode Will++}
   (You found it on level 4 of the Lair of Beasts)

   *Corrode:  It may corrode you when you take damage.
   Rampage:   It bestows one free step when moving towards enemies.
   Will:      It greatly increases your willpower.
 u - a +2 helmet (worn)
 v - a +0 buckler (worn)
 x - +2 fire dragon scales
 Z - a +0 kite shield
Jewellery
 l - the ring "Qoicuaq" (left hand) {rElec Will+}
   (You found it on level 1 of the Lair of Beasts)

   [ring of willpower]

   rElec:     It insulates you from electricity.
   Will:      It increases your willpower.
 s - a ring of resist corrosion
 t - a ring of ice
 F - the ring "Qiegatsay" (right hand) {rF+ Will+ Int+2}
   (You acquired it on level 9 of the Dungeon)

   [ring of willpower]

   Int:       It affects your intelligence (+2).
   rF:        It protects you from fire.
   Will:      It increases your willpower.
 M - the ring of Mirth {rCorr Str+2}
   (You took it off a kobold brigand on level 8 of the Dungeon)

   [ring of resist corrosion]

   Str:       It affects your strength (+2).
   rCorr:     It protects you from acid and corrosion.
 O - a ring of ice
 Y - an amulet of regeneration (around neck)
Wands
 e - a wand of mindburst (7)
 m - a wand of paralysis (9)
 A - a wand of flame (12)
 J - a wand of roots (11)
 U - a wand of digging (2)
 X - a wand of acid (6)
Scrolls
 f - a scroll of silence
 k - a scroll of poison
 n - 3 scrolls of fog
 o - 6 scrolls of fear
 p - 10 scrolls of teleportation
 q - 2 scrolls of vulnerability
 G - 3 scrolls of magic mapping
 H - 4 scrolls of blinking
 Q - 4 scrolls of identify
Potions
 d - 4 potions of curing
 g - a potion of resistance
 w - 2 potions of lignification
 z - a potion of haste
 C - 2 potions of attraction
 L - 3 potions of might
 N - a potion of flight
 S - a potion of berserk rage
 V - 2 potions of mutation
 W - 2 potions of heal wounds
Miscellaneous
 R - a tin of tremorstones (inert)


   Skills:
 - Level 10.0(15.0) Fighting
 - Level 1.2(6.2) Staves
 - Level 2.0(7.0) Ranged Weapons
 - Level 6.0(11.0) Throwing
 - Level 10.0(15.0) Armour
 - Level 10.0(15.0) Dodging
 + Level 8.1(13.1) Shields
 - Level 12.0(17.0) Unarmed Combat
 - Level 2.0 Spellcasting
 - Level 2.6 Earth Magic
 - Level 8.0 Invocations


You had 16 spell levels left.
You knew the following spells:

 Your Spells              Type           Power      Damage    Failure   Level
a - Sandblast             Erth           14%        2d6       32%         1

Your spell library contained the following spells:

 Spells                   Type           Power      Damage    Failure   Level
 Apportation              Tloc           2%         N/A       69%         1
 Magic Dart               Conj           4%         1d3       69%         1
 Necrotise                Necr           4%         1d4       69%         1
 Searing Ray              Conj           2%         2d4       83%         2
 Portal Projectile        Hex/Tloc       2%         N/A       96%         3
 Vampiric Draining        Necr           1%         2d6       96%         3
 Leda's Liquefaction      Hex/Erth       2%         N/A       99%         4
 Petrify                  Tmut/Erth      4%         N/A       99%         4
 Fulminant Prism          Conj/Hex       0%         3d5       100%        4
 Agony                    Necr           1%         N/A       100%        5
 Alistair's Intoxication  Tmut/Pois      0%         N/A       100%        5
 Call Canine Familiar     Summ           Unusable   N/A       N/A         3

Dungeon Overview and Level Annotations

Branches:
Dungeon (12/15)            Temple (1/1) D:4            Lair (4/5) D:10
  Swamp (0/4) Lair:2       Spider (0/4) Lair:3        Slime (0/5) Lair:4
    Orc (2/2) D:10            Elf (0/3) Orc:2

Altars:
Ashenzari
Cheibriados
Dithmenos
Fedhas
Gozag
Hepliaklqana
Kikubaaqudgha
Makhleb
Nemelex Xobeh
Okawaru
Qazlal
Ru
Sif Muna
Trog
Uskayaw
Vehumet
Wu Jian
Xom
Yredelemnul
Jiyva

Shops:
D:4 **:   D:5 (   D:6 !(!   D:8 *   D:10 (   Orc:2 (([![

Annotations:
D:12 Sonja


Innate Abilities, Weirdness & Mutations

((A powerful demonic guardian rushes to your aid.))
You are mostly covered in sharp spines.
Your touch may irresistibly damage your foes and sap their willpower.


Message History

You gain the combat prowess of a mighty hero.
You can no longer enter into single combat with a foe.
Okawaru will no longer gift you equipment.
You now have 18/20 mp.
You can now deal lightning-fast blows.
The large slime creature hits you!
Your corrosive artefact corrodes you!
A slime creature comes into view.
You take 10 damage, and have 97/110 hp.
You now have 13/20 mp.
You punch the large slime creature!
The large slime creature is heavily wounded.
You hit the large slime creature but do no damage.
The large slime creature is heavily wounded.
The large slime creature hits you but does no damage.
Sonja mumbles some strange words.
Sonja blinks!
You punch the large slime creature!
The large slime creature is heavily wounded.
You punch the large slime creature!
The large slime creature is severely wounded.
A slime creature comes into view.
The large slime creature hits you!!
Two slime creatures merge to form a very large slime creature.
You take 27 damage, and have 71/110 hp.
MASSIVE DAMAGE!!
You hit the very large slime creature.
The very large slime creature is heavily wounded.
You pummel the very large slime creature!!
The very large slime creature is heavily wounded.
You hit the very large slime creature.
The very large slime creature is heavily wounded.
Two slime creatures merge to form an enormous slime creature.
The enormous slime creature is struck by your spines.
The enormous slime creature hits you!
You climb upwards.
There is a stone staircase leading down here.
You take 13 damage, and have 59/110 hp.
The enormous slime creature attacks as you move away!
The enormous slime creature is struck by your spines.
The enormous slime creature hits you!!!
Ouch! That really hurt!
You die...

#.# ##..## ###.#########
#.# #.## ##.##......# #.#
#.# #......###.# #.# ##'##
#..##..# #.# ..# ##...##
#..##..# #.# ### ##.....##
#......# #.# ##
##.......###.##...###.#
.####.........##.#........#
....'.........'J@.....#####
.####.........##......# ##
##.......######.#.#
#######.[...## ###.#
.....###...## ####.# .....#
##+### #....# .....# #.#.##
#.#### .....# #..#.## #.#
.....# ##.###.## #.#


You could see an enormous slime creature.

Vanquished Creatures
  2 orc warlords
  Nessos (Lair:3)
  A minotaur (Lair:1)
  A yaktaur captain (D:10)
  Fannar (D:10)
  Harold (D:9)
  A catoblepas (D:8)
  3 hydras
  Erolcha (D:9)
  2 centaur warriors (D:8)
  The ghost of NinjaNoafa the Arsonist, a journeyman OpFE of Vehumet (Lair:1)
  5 two-headed ogres
  An orc high priest (Orc:2)
  Nergalle (Lair:1)
  Urug (Lair:3)
  A skyshark (Lair:2)
  A pharaoh ant (Lair:3)
  2 orc knights (Orc:2)
  A deep elf zephyrmancer (D:8)
  4 orc sorcerers
  5 cyclopes
  Joseph (D:9)
  12 elephants (Lair:4)
  Maurice (Orc:1)
  2 black mambas (Lair:2)
  An unseen horror (D:10)
  3 kobold demonologists
  9 cane toads
  8 komodo dragons
  A troll (D:11)
  A polar bear (Lair:3)
  A polar bear (shapeshifter) (D:8)
  2 tyrant leeches (Lair:2)
  Grinder (D:4)
  3 tarantellas (Lair:3)
  13 blink frogs
  2 hornets
  A shadow (D:10)
  2 wyverns
  3 basilisks
  42 yaks
  A steam dragon (D:7)
  3 wargs (Orc:2)
  Edmund (D:4)
  3 acid dragons
  15 water moccasins
  An ice beast (D:6)
  31 orc warriors
  3 sky beasts
  5 black bears
  9 ogres
  6 centaurs
  2 phantoms (D:6)
  4 kobold brigands
  11 bullfrogs
  A necrophage (D:8)
  2 scorpions
  5 wights (D:9)
  An electric eel (D:6)
  5 howler monkeys (D:8)
  A hound (D:7)
  2 jellies
  19 orc priests
  Crazy Yiuf (D:7)
  2 iguanas
  19 orc wizards
  7 adders
  3 white imps
  4 dart slugs
  2 worms (D:3)
  105 orcs
  7 bats
  7 endoplasms
  7 giant cockroaches
  13 goblins
  9 hobgoblins
  4 jackals (D:4)
  5 quokkas
  4 ball pythons
  5 frilled lizards
  13 kobolds
  8 rats
502 creatures vanquished.

Vanquished Creatures (others)
  A kobold (D:8)
  51 fungi
  72 plants
124 creatures vanquished.

Grand Total: 626 creatures vanquished

Notes
Turn   | Place    | Note
-------+----------+-------------------------------------------
     0 | D:1      | jasper the Demonspawn Wanderer began the quest for the Orb.
     0 | D:1      | jasper set off with the following items: a +0 sling, 14
                  | poisoned darts, a +0 dagger, a potion of curing, a +0
                  | leather armour; and the following spell memorised:
                  | Sandblast; and the following spells available to memorise:
                  | Leda's Liquefaction, Petrify.
     0 | D:1      | Reached XP level 1. HP: 13/13 MP: 3/3
    47 | D:1      | Reached skill level 1 in Staves
    58 | D:1      | Gained mutation: Your touch may inflict minor irresistible
                  | damage on your foes. [demonic ancestry]
    58 | D:1      | Reached XP level 2. HP: 16/19 MP: 5/5
   121 | D:1      | Reached skill level 1 in Unarmed Combat
   245 | D:1      | Gained mutation: You are partially covered in sharp spines.
                  | [demonic ancestry]
   245 | D:1      | Reached XP level 3. HP: 24/24 MP: 6/6
   697 | D:2      | Reached skill level 2 in Unarmed Combat
   912 | D:2      | You fall into a shaft and drop 2 floors!
   913 | D:4      | Noticed Edmund
   916 | D:4      | Found a staircase to the Ecumenical Temple.
   927 | D:4      | Killed Edmund
   928 | D:4      | Reached skill level 1 in Fighting
   928 | D:4      | Reached skill level 1 in Dodging
   928 | D:4      | Reached skill level 3 in Unarmed Combat
   928 | D:4      | Reached XP level 4. HP: 21/32 MP: 7/7
   928 | D:4      | Gained mutation: You are mostly covered in sharp spines.
                  | [demonic ancestry]
   928 | D:4      | Reached XP level 5. HP: 24/37 MP: 8/8
   982 | D:4      | Found Muce's General Store.
   984 | Temple   | Entered the Ecumenical Temple
  1101 | Temple   | Became a worshipper of Warmaster Okawaru
  1164 | D:4      | Bought a scroll of fear for 52 gold pieces
  1164 | D:4      | Bought a scroll of teleportation for 39 gold pieces
  1176 | D:4      | Found a shimmering altar of Xom.
  1196 | D:4      | Noticed Grinder
  1571 | D:2      | Gained mutation: A weak demonic guardian rushes to your
                  | aid. [demonic ancestry]
  1571 | D:2      | Reached XP level 6. HP: 44/44 MP: 9/9
  1742 | D:3      | Reached skill level 4 in Unarmed Combat
  2464 | D:3      | Found a faded altar of an unknown god.
  2567 | D:4      | Killed Grinder
  2567 | D:4      | Reached * piety under Okawaru
  2568 | D:4      | Gained mutation: Your touch may inflict irresistible damage
                  | on your foes. [demonic ancestry]
  2568 | D:4      | Reached XP level 7. HP: 31/52 MP: 10/10
  2653 | D:4      | Found an ornate altar of the Wu Jian Council.
  2714 | D:4      | Found Gamecw's Assorted Antiques.
  2719 | D:4      | Bought a worn bronze wand for 112 gold pieces
  2733 | D:4      | Found Aburchith's Book Boutique.
  2795 | D:5      | Entered Level 5 of the Dungeon
  2884 | D:5      | Reached skill level 1 in Invocations
  3068 | D:5      | Found Suzxut's Antique Weapon Emporium.
  3105 | D:5      | Found a blossoming altar of Fedhas.
  3111 | D:5      | Found a sacrificial altar of Ru.
  3111 | D:5      | Found a shimmering blue altar of Sif Muna.
  3615 | D:6      | Noticed a hornet
  3621 | D:6      | Paralysed by a hornet for 1 turns
  3628 | D:6      | Killed a hornet
  3629 | D:6      | Reached skill level 5 in Unarmed Combat
  3629 | D:6      | Reached XP level 8. HP: 41/58 MP: 8/11
  3802 | D:6      | Reached ** piety under Okawaru
  4086 | D:6      | Found Gogigh's Distillery.
  4088 | D:6      | Found Itepn's Distillery.
  4088 | D:6      | Found Zatuni's Antique Weapon Shoppe.
  4094 | D:6      | Bought a potion of heal wounds for 55 gold pieces
  4135 | D:6      | Reached skill level 6 in Unarmed Combat
  4681 | D:7      | Gained mutation: A demonic guardian rushes to your aid.
                  | [demonic ancestry]
  4681 | D:7      | Reached XP level 9. HP: 46/66 MP: 12/12
  4940 | D:7      | Found a runed translucent door.
  4941 | D:7      | Noticed Crazy Yiuf
  5018 | D:7      | Killed Crazy Yiuf
  5163 | D:8      | Reached skill level 7 in Unarmed Combat
  5226 | D:8      | Noticed a kobold demonologist
  5226 | D:8      | Noticed an orc sorcerer
  5227 | D:8      | Identified the ring of Mirth {rCorr Str+2}
  5228 | D:8      | Noticed a deep elf zephyrmancer
  5237 | D:8      | Noticed an ice devil
  5237 | D:8      | Killed a kobold demonologist
  5237 | D:8      | Reached *** piety under Okawaru
  5238 | D:8      | Reached skill level 5 in Fighting
  5239 | D:8      | Killed an orc sorcerer
  5245 | D:8      | Reached skill level 5 in Dodging
  5251 | D:8      | Noticed a kobold demonologist
  5253 | D:8      | Noticed a catoblepas
  5260 | D:8      | Killed a kobold demonologist
  5281 | D:8      | Killed a catoblepas
  5281 | D:8      | Reached **** piety under Okawaru
  5282 | D:8      | Reached skill level 8 in Unarmed Combat
  5282 | D:8      | Reached XP level 10. HP: 72/76 MP: 13/13
  5311 | D:8      | Noticed a two-headed ogre
  5318 | D:8      | Killed a two-headed ogre
  5323 | D:8      | Reached skill level 5 in Armour
  5326 | D:8      | Noticed a six-headed hydra
  5334 | D:8      | Killed a six-headed hydra
  5334 | D:8      | Reached ***** piety under Okawaru
  5335 | D:8      | Reached skill level 9 in Unarmed Combat
  5339 | D:8      | Killed a deep elf zephyrmancer
  5350 | D:8      | Noticed a centaur warrior
  5355 | D:8      | Noticed a centaur warrior
  5358 | D:8      | Killed a centaur warrior
  5358 | D:8      | Identified the +1 great mace "Mump" {freeze, rF+ Str+3
                  | Int-4 Stlth+} (Okawaru gifted it to you on level 8 of the
                  | Dungeon)
  5358 | D:8      | Received a gift from Okawaru
  5362 | D:8      | Killed a centaur warrior
  5592 | D:8      | Found Rer Dits's General Store.
  6126 | D:8      | Reached XP level 11. HP: 84/84 MP: 14/14
  6489 | D:9      | Noticed a two-headed ogre
  6495 | D:9      | Killed a two-headed ogre
  6496 | D:9      | Reached skill level 10 in Unarmed Combat
  6548 | D:9      | Noticed Erolcha
  6562 | D:9      | Killed Erolcha
  6562 | D:9      | Identified the +13 crystal plate armour of Defence {Will+
                  | Str-2 Slay+3 SInv} (Okawaru gifted it to you on level 9 of
                  | the Dungeon)
  6562 | D:9      | Received a gift from Okawaru
  6728 | D:9      | Noticed Joseph
  6744 | D:9      | Killed Joseph
  6870 | D:9      | Noticed Harold
  6886 | D:9      | Killed Harold
  7340 | D:9      | Reached skill level 5 in Invocations
  7636 | D:9      | Identified a scroll of acquirement
  7636 | D:9      | Acquired the ring "Qiegatsay" {rF+ Will+ Int+2}
  7686 | D:10     | Entered Level 10 of the Dungeon
  7751 | D:10     | Found an opulent altar of Gozag.
  7837 | D:10     | Found a staircase to the Orcish Mines.
  7926 | D:10     | Noticed a yaktaur captain
  7933 | D:10     | Killed a yaktaur captain
  8041 | D:10     | Noticed a two-headed ogre
  8061 | D:10     | Killed a two-headed ogre
  8074 | D:10     | Found a staircase to the Lair.
  8079 | D:10     | Reached skill level 5 in Throwing
  8283 | D:10     | Noticed Fannar
  8314 | D:10     | Killed Fannar
  8390 | D:10     | Received a gift from Okawaru
  8494 | D:10     | Reached XP level 12. HP: 81/92 MP: 18/18
  8632 | D:10     | Found Gujaq's Weapon Shoppe.
  8990 | D:11     | Identified the +2 whip "Naego" {elec, rN+}
  9193 | D:11     | Reached skill level 11 in Unarmed Combat
  9488 | D:11     | Acquired the +2 pair of boots "Assic" {Str+2 Slay+3}
  9698 | D:11     | Found the +2 ratskin cloak {*Rats rPois rN+ Str-1 Int-1
                  | Dex+1}
  9761 | D:11     | Noticed a two-headed ogre
  9771 | D:11     | Killed a two-headed ogre
 10069 | Lair:1   | Entered Level 1 of the Lair of Beasts
 10090 | Lair:1   | Identified the ring "Qoicuaq" {rElec Will+}
 10122 | Lair:1   | Received a gift from Okawaru
 10181 | Lair:1   | Found a runed translucent gate.
 10181 | Lair:1   | Found a runed translucent gate.
 10185 | Lair:1   | Found a runed translucent gate.
 10270 | Lair:1   | Noticed Nergalle
 10287 | Lair:1   | Killed Nergalle
 10651 | Lair:1   | Noticed a minotaur
 10652 | Lair:1   | Noticed NinjaNoafa's ghost (journeyman OpFE)
 10924 | Lair:1   | Killed NinjaNoafa's ghost
 10940 | Lair:1   | Killed a minotaur
 10940 | Lair:1   | Received a gift from Okawaru
 10941 | Lair:1   | Reached skill level 12 in Unarmed Combat
 11001 | Lair:2   | Reached skill level 1 in Shields
 11131 | Lair:2   | Gained mutation: A powerful demonic guardian rushes to your
                  | aid. [demonic ancestry]
 11131 | Lair:2   | Reached XP level 13. HP: 88/101 MP: 19/19
 11709 | Lair:2   | Found a staircase to the Swamp.
 12287 | Lair:3   | Received a gift from Okawaru
 12344 | Lair:3   | Noticed Nessos
 12364 | Lair:3   | Killed Nessos
 12364 | Lair:3   | Received a gift from Okawaru
 12497 | Lair:3   | Found a hole to the Spider Nest.
 12523 | Lair:3   | Received a gift from Okawaru
 12750 | Lair:3   | Reached skill level 10 in Fighting
 12831 | Lair:3   | Acquired 867 gold pieces
 12996 | Lair:3   | Noticed Urug
 13008 | Lair:3   | Killed Urug
 13008 | Lair:3   | Identified the +6 hand crossbow "Tag Ust" {freeze, Int+2}
                  | (Okawaru gifted it to you on level 3 of the Lair of Beasts)
 13008 | Lair:3   | Received a gift from Okawaru
 13470 | Lair:4   | Found a staircase to the Slime Pits.
 13471 | Lair:4   | Found a viscous altar of Jiyva.
 13500 | Lair:4   | Reached skill level 10 in Dodging
 13608 | Lair:4   | Reached skill level 10 in Armour
 13691 | Lair:4   | Identified the +5 scale mail "Zahuppui" {Rampage *Corrode
                  | Will++}
 14092 | Orc:1    | Entered Level 1 of the Orcish Mines
 14125 | Orc:1    | Reached skill level 5 in Shields
 14176 | Orc:1    | Noticed an orc warlord
 14240 | Orc:1    | Killed an orc warlord
 14241 | Orc:1    | Gained mutation: Your touch may irresistibly damage your
                  | foes and sap their willpower. [demonic ancestry]
 14241 | Orc:1    | Reached XP level 14. HP: 91/110 MP: 17/20
 14546 | Orc:2    | Entered Level 2 of the Orcish Mines
 14546 | Orc:2    | Noticed Maurice
 14828 | Orc:2    | Noticed an orc warlord
 14859 | Orc:2    | Killed an orc warlord
 14925 | Orc:2    | Found Xaire's Antique Armour Emporium.
 14929 | Orc:2    | Found Osoasergh's Antique Weapon Shoppe.
 14970 | Orc:2    | Found a staircase to the Elven Halls.
 15273 | Orc:2    | Received a gift from Okawaru
 15484 | Orc:1    | Killed Maurice
 15571 | Orc:2    | Found Zaezos's Armour Shoppe.
 15660 | Orc:2    | Found Wyliel's Distillery.
 15667 | Orc:2    | Bought a potion of resistance for 140 gold pieces
 15667 | Orc:2    | Bought a potion of curing for 42 gold pieces
 15667 | Orc:2    | Bought a potion of curing for 42 gold pieces
 15667 | Orc:2    | Bought a potion of curing for 42 gold pieces
 15667 | Orc:2    | Bought a potion of might for 56 gold pieces
 15724 | Orc:2    | Received a gift from Okawaru
 15765 | Orc:2    | Found Uqupluk's Antique Weapon Shop.
 16020 | D:12     | Noticed Sonja
 16039 | D:11     | Slain by an enormous slime creature

Illustrated notes

Levels and vault maps discovered:
D:1:      dpeg_arrival_fog, layout_rooms, wander_ebering_terrifying_dragon_lair
D:2:      layout_loops_ring, grunt_ministairs_6
D:3:      layout_loops_corners, hellmonk_ecumenical_altar_leap_of_faith,
          minmay_circle_x
D:4:      layout_gridville, mainiacjoe_overflow_tiny_flanked,
          nicolae_wu_jian_immortal_techniques, minmay_temple_entry_grid,
          serial_shops, kennysheep_little_box, nicolae_square_shop,
          nicolae_shop_trees, uniq_grinder, uniq_edmund
D:5:      layout_cave_pools, mainiacjoe_overflow_alcove_3, serial_column_ruins,
          column_ruins_grid_5, column_ruins_open_medium,
          column_ruins_columns_corner, column_ruins_corridor_dead_end,
          column_ruins_open_tiny, minivault_14, nicolae_inconvenience_store
D:6:      layout_cave_pools, nicolae_wooded_promenade, minivault_4
D:7:      layout_rooms, kennysheep_decorative_pillar, uniq_crazy_yiuf_cottage
D:8:      minmay_the_grid_plus_closed [minmay_the_grid_tree,
          minmay_the_grid_empty, minmay_the_grid_tri_star,
          minmay_the_grid_square_x, minmay_the_grid_prize_big_room],
          layout_cave_pods, serial_shops, nicolae_shop_advertising_works
          [nicolae_subvault_shop_adworks]
D:9:      layout_irregular_city, mainiacjoe_overflow_24_doors, uniq_erolcha,
          uniq_harold, uniq_joseph
D:10:     layout_small_grid, mainiacjoe_overflow_boulevard,
          due_lair_maze_entry_diamond, david_orc_5, serial_shops, shop,
          nrook_campfire, kennysheep_just_a_vault, uniq_fannar
D:11:     layout_loops_corners
D:12:     layout_basic, enter_trove_5, serial_shops, nicolae_shop_stone,
          nicolae_sif_muna_condensation, uniq_sonja
Temple:   jpeg_temple_clearing
Lair:1:   layout_roguey, maelrawn_ghost_gauntlet_escape, uniq_nergalle
Lair:2:   layout_cave_pods, minmay_swamp_entry_worms, beast_lair_carwin_9
Lair:3:   layout_cave_pods, nicolae_spider_entry_lesser_pyramids, uniq_nessos,
          uniq_urug
Lair:4:   wander_river, layout_misc_corridors, slime_entry_1,
          chequers_serial_rivers_marsh, ldierk_geyser
Orc:1:    layout_caves
Orc:2:    grunt_orc_community_town_hall, layout_caves,
          grunt_orc_community_big_house_1, grunt_orc_community_big_house_2,
          grunt_orc_community_house_2, grunt_orc_community_house_2,
          grunt_orc_community_house_1, grunt_orc_community_house_2,
          grunt_orc_community_house_2, serial_shops, nicolae_shop_behind_doors,
          uniq_maurice

Skill      XL: |  1  2  3  4  5  6  7  8  9 10 11 12 13 14 |
---------------+-------------------------------------------+-----
Ranged Weapons | 2 |  2.0
Staves         | 1 |  1.2
Unarmed Combat | 1 3 4 5 6 8 9 10 12 | 12.0
Fighting       | 1 2 3 4 6 7 9 10 | 10.0
Dodging        | 1 2 3 4 5 6 7 8 10 | 10.0
Throwing       | 3 6 |  6.0
Invocations    | 4 8 |  8.0
Armour         | 3 4 6 7 10 | 10.0
Shields        | 2 5 8 |  8.1
Spellcasting   | |  2.0
Earth Magic    | |  2.6

Action                     |  1- 3 |  4- 6 |  7- 9 | 10-12 | 13-15 || total
---------------------------+-------+-------+-------+-------+-------++-------
  Melee: Quarterstaff      |     2 |       |       |       |       ||     2
         Unarmed           |     2 |   110 |   134 |   457 |   577 ||  1280
         Touch             |       |    28 |    34 |   107 |       ||   169
         Punch             |       |     4 |     5 |    41 |       ||    50
   Fire: Sling             |   103 |       |       |       |       ||   103
  Throw: Dart              |     3 |       |    52 |    54 |    34 ||   143
         Boomerang         |       |       |       |       |   254 ||   254
         Javelin           |       |       |       |       |     8 ||     8
 Invoke: Heroism           |       |       |     4 |    14 |    11 ||    29
         Finesse           |       |       |       |     2 |     5 ||     7
  Evoke: Wand              |       |       |     1 |       |       ||     1
         Tin of tremorston |       |       |       |       |     2 ||     2
    Use: Scroll            |     4 |     3 |     4 |    11 |     3 ||    25
         Potion            |     2 |     1 |     1 |     1 |     3 ||     8
   Stab: Petrified         |       |       |     3 |       |       ||     3
 Armour: Leather armour    |    23 |       |       |       |       ||    23
         Ring mail         |     1 |    10 |       |       |       ||    11
         Scale mail        |       |     7 |       |       |    66 ||    73
         Fire dragon scale |       |     5 |    55 |   168 |   105 ||   333
  Dodge: Dodged            |    31 |    28 |    42 |   192 |   293 ||   586
         Repelled          |       |     2 |     1 |       |       ||     3
  Block: Buckler           |       |       |       |     8 |   142 ||   150

Table legend: (Time is in decaauts)
 A = Elapsed time spent in this place.
 B = Non-inter-level travel time spent in this place.
 C = Inter-level travel time spent in this place.
 D = Time resting spent in this place.
 E = Time spent auto-exploring this place.
 F = Levels seen in this place.
 G = Mean time per level.
                   A        B        C        D        E       F      G
               +--------+--------+--------+--------+--------+-----+--------+
         Total |  15782 |  14912 |    870 |    707 |  10881 |  19 |  830.6 |
       Dungeon |  10012 |   9411 |    601 |    418 |   7039 |  12 |  834.3 |
        Temple |    168 |    118 |     50 |      0 |    102 |   1 |  168.0 |
          Lair |   3912 |   3748 |    164 |     80 |   2864 |   4 |  978.0 |
  Orcish Mines |   1689 |   1635 |     54 |    208 |    875 |   2 |  844.5 |
               +--------+--------+--------+--------+--------+-----+--------+

Top non-repeatable levels by time:
     D:8: 1378 daAuts
    D:10: 1322 daAuts
  Lair:2: 1271 daAuts
     D:9: 1220 daAuts
    D:11: 1143 daAuts
     D:3: 1016 daAuts
  Lair:3: 1000 daAuts
   Orc:2: 995 daAuts
  Lair:1: 909 daAuts
     D:5: 819 daAuts
     D:6: 800 daAuts
  Lair:4: 731 daAuts
     D:2: 693 daAuts
   Orc:1: 693 daAuts
     D:7: 619 daAuts
